 Dungeon Crawl Stone Soup version 0.29-a0-451-gfbfa42419e (webtiles) character file.

Game seed: 13772239609185224427

43 zishaf the Grave Robber (level 3, -1/20 HPs)
             Began as a Tengu Necromancer on May 19, 2022.
             Slain by Sigmund
             ... wielding a +0 scythe
              (2 damage)
             ... on level 2 of the Dungeon.
             The game lasted 00:03:30 (2058 turns).

zishaf the Grave Robber (Tengu Necromancer)         Turns: 2058, Time: 00:03:31

Health: -1/20      AC:  2    Str:  8    XL:     3   Next: 58%
Magic:  0/7        EV: 12    Int: 17    God:
Gold:   100        SH:  3    Dex: 14    Spells: 2/6 levels left

rFire   . . .      SeeInvis .   m - +0 short sword
rCold   . . .      Faith    .   n - +0 buckler
rNeg    + . .      Spirit   .   a - +0 robe
rPois   .          Reflect  .   (helmet restricted)
rElec   .          Harm     .   (no cloak)
rCorr   .          Rampage  .   (no gloves)
Will    .....                   (boots unavailable)
Stlth   ++........              (no amulet)
HPRegen 0.06/turn               q - ring of positive energy
MPRegen 0.10/turn               (no ring)

@: no status effects
A: beak, talons 3
a: no special abilities


You were on level 2 of the Dungeon.
You visited 1 branch of the dungeon, and saw 2 of its levels.

You collected 100 gold pieces.

Inventory:

Hand Weapons
 h - a +0 dagger
 m - a +0 short sword (weapon)
Armour
 a - a +0 robe (worn)
 n - a +0 buckler (worn)
Jewellery
 q - a ring of positive energy (left hand)
 r - an amulet of guardian spirit
Scrolls
 d - 3 scrolls of identify {unknown}
 e - 2 scrolls of fog {unknown}
 f - a scroll of amnesia {unknown}
 i - 2 scrolls of teleportation {unknown}
 p - 2 scrolls of poison {unknown}
 s - a scroll of enchant weapon {unknown}
 t - a scroll of brand weapon {unknown}
 v - a scroll of vulnerability {unknown}
Potions
 b - a potion of magic
 c - a potion of heal wounds
 g - a potion of berserk rage {unknown}
 j - a potion of degeneration {unknown}
 k - a potion of curing {unknown}
 l - a potion of mutation {unknown}
 o - a potion of brilliance {unknown}
 u - a potion of attraction {unknown}


   Skills:
 + Level 1.4 Fighting
 - Level 2.1 Dodging
 - Level 2.0 Stealth
 + Level 0.6 Shields
 - Level 2.0 Spellcasting
 * Level 5.3 Necromancy


You had 2 spell levels left.
You knew the following spells:

 Your Spells              Type           Power      Damage    Failure   Level
a - Necrotize             Necr           76%        1d7       3%          1
b - Vampiric Draining     Necr           19%        2d7       9%          3

Your spell library contained the following spells:

 Spells                   Type           Power      Damage    Failure   Level
 Animate Dead             Necr           19%        N/A       30%         4
 Agony                    Necr           19%        N/A       63%         5


Dungeon Overview and Level Annotations

Branches:
Dungeon (2/15)

Altars:

Annotations:
D:2 Sigmund


Innate Abilities, Weirdness & Mutations

You have a beak for a mouth.
You have claws for feet.


Message History

Confirm with . or Enter, or press ? or * to list all spells.
Aiming: Necrotize (safe; 3% risk of failure)
Press: ? - help, Shift-Dir - straight line Something writhes in agony.
Something hits you but does no damage.
Casting: Necrotize (safe; 3% risk of failure)
Confirm with . or Enter, or press ? or * to list all spells.
Aiming: Necrotize (safe; 3% risk of failure)
Press: ? - help, Shift-Dir - straight line Nothing appears to happen.
Casting: Necrotize (safe; 3% risk of failure)
Confirm with . or Enter, or press ? or * to list all spells.
Aiming: Necrotize (safe; 3% risk of failure)
Press: ? - help, Shift-Dir - straight line Something writhes in agony.
Something hits you.
Casting: Necrotize (safe; 3% risk of failure)
Confirm with . or Enter, or press ? or * to list all spells.
Aiming: Necrotize (safe; 3% risk of failure)
Press: ? - help, Shift-Dir - straight line Nothing appears to happen.
Something hits you.
You hit something but do no damage. You peck something.
You closely miss something.
You hear some strange, mumbled words.
A magic dart appears from out of thin air!
The magic dart hits you!
You aren't carrying any items that you can evoke.
You hit something. Your kick misses something. Something hits you.
* * * LOW HITPOINT WARNING * * *
It was a potion of heal wounds.
You feel much better. Something hits you!
Ouch! That really hurt!
You hit something. Your kick misses something.
You hear some strange, mumbled words.
A magic dart appears from out of thin air!
The magic dart hits you!
* * * LOW HITPOINT WARNING * * *
Casting: Necrotize (safe; 3% risk of failure)
Confirm with . or Enter, or press ? or * to list all spells.
Aiming: Necrotize (safe; 3% risk of failure)
Press: ? - help, Shift-Dir - straight line Nothing appears to happen.
Something hits you.
You die...

#..# #.# #########
###..####.# #.......# #
#......##.###.#####.#
#.##.#..#.##.##....)##.#
#.......#.##.##..##.##.#
####.##......##..##.....
####)####............†.#
#.......#############...
#.##.##@# #.......# #.##
# #.##{# #.......# #.##
#.##.# #.......# #...
#.##.# #<......# #..#
.....# #.......# #...
#.#### #.......# ##.#
##.. #.......# #.# #...
#######.#### #.# #...
#.....#.## #.#


There were no monsters in sight!

Vanquished Creatures
  An adder (D:2)
  2 bats (D:1)
  3 endoplasms (D:1)
  3 giant cockroaches
  A goblin (D:1)
  3 hobgoblins
  4 jackals (D:1)
  A kobold (D:1)
  A quokka (D:1)
  2 ball pythons (D:1)
  2 frilled lizards
  4 rats
27 creatures vanquished.

Vanquished Creatures (collateral kills)
  An endoplasm (D:2)
  A jackal (D:1)
2 creatures vanquished.

Grand Total: 29 creatures vanquished

Notes
Turn   | Place    | Note
-------+----------+-------------------------------------------
     0 | D:1      | zishaf the Tengu Necromancer began the quest for the Orb.
     0 | D:1      | Reached XP level 1. HP: 10/10 MP: 4/4
   183 | D:1      | Reached XP level 2. HP: 12/16 MP: 0/6
   552 | D:1      | Reached skill level 1 in Fighting
  1002 | D:1      | Noticed a floating eye
  1006 | D:1      | Found a faded altar of an unknown god.
  1013 | D:1      | Noticed a golden eye
  1013 | D:1      | Noticed a floating eye
  1013 | D:1      | Noticed a great orb of eyes
  1025 | D:1      | Reached skill level 5 in Necromancy
  1275 | D:1      | Reached XP level 3. HP: 20/20 MP: 5/7
  1282 | D:1      | Learned a level 3 spell: Vampiric Draining
  2039 | D:2      | Noticed Sigmund
  2057 | D:2      | HP: 1/20 [something/magic dart (8)]
  2058 | D:2      | Slain by Sigmund

Illustrated notes

Levels and vault maps discovered:
D:1:      dpeg_arrival_boxorama, layout_basic,
          hellmonk_ecumenical_altar_watching_god, minivault_27
D:2:      layout_loops_cross, uniq_sigmund

Skill      XL: |  1  2 |
---------------+-------+-----
Fighting       | 1 |  1.4
Necromancy     | 5 |  5.3
Dodging        | |  2.1
Stealth        | |  2.0
Shields        | |  0.6
Spellcasting   | |  2.0

Action                   || total
-------------------------++-------
Melee: Unarmed           ||     6
       Short sword       ||    21
       Peck              ||     4
       Kick              ||     2
       Dagger            ||     1
 Cast: Necrotize         ||    46
  Use: Potion            ||     1
 Stab: Sleeping          ||     1
Armor: Robe              ||     6
Dodge: Dodged            ||    20

Table legend: (Time is in decaauts)
 A = Elapsed time spent in this place.
 B = Non-inter-level travel time spent in this place.
 C = Inter-level travel time spent in this place.
 D = Time resting spent in this place.
 E = Time spent auto-exploring this place.
 F = Levels seen in this place.
 G = Mean time per level.
                   A        B        C        D        E       F      G
               +--------+--------+--------+--------+--------+-----+--------+
         Total |   2096 |   2036 |     60 |     98 |   1674 |   2 | 1048.0 |
       Dungeon |   2096 |   2036 |     60 |     98 |   1674 |   2 | 1048.0 |
               +--------+--------+--------+--------+--------+-----+--------+

Top non-repeatable levels by time:
     D:1: 1557 daAuts
     D:2: 539 daAuts
